[ AOE2 MATCH · #490432647 ]
UnrankedKhmer vs Turks
Player's team · LOSS
Rival team · WIN
[ REPLAY ANALYSIS · EXTRACTED FROM THE RECORDED GAME ]
Feudal
9:18
Castle
20:21
Imperial
39:00
| APM avg | 116.1 |
| APM peak | 156 |
| eAPM avg | 72.8 |
| Villagers / military | 212 / 179 |
Focus
⚔️ 66.8% · 🌾 33.2%
Cavalry Archer ×70 · Skirmisher ×64 · Scout Cavalry ×34 · Spearman ×5 · Monk ×3 · Trebuchet (Packed) ×2
Feudal
8:57
Castle
21:08
Imperial
39:34
| APM avg | 96.9 |
| APM peak | 140 |
| eAPM avg | 41.6 |
| Villagers / military | 175 / 176 |
Focus
⚔️ 39.0% · 🌾 61.0%
Cavalry Archer ×89 · Scout Cavalry ×69 · Bombard Cannon ×7 · Monk ×4 · Camel Scout ×4 · Spearman ×3
Match map
Initial resources + every placement click. Lines = walls · curves = elevation contours. ◆ gold · ⬟ stone · ● berries · ✦ relic · ◌ wall gap
Your base· ✓ Closed at 20:21 · 30t walls · no gate
TheZero's base· Open — opponent sealed themselves in
Smoothed initial terrain · ◌ = detected wall gap · hover for details
Inputs per minute
— Saturno 1343 - - TheZero
Build order — Saturno 1343
First 150 of 584 actions detected
| 0:00 | Queue | Villager (Male) |
| 0:01 | Queue | Villager (Male) |
| 0:01 | Queue | Villager (Male) |
| 0:02 | Build | House |
| 0:03 | Build | House |
| 0:14 | Queue | Villager (Male) |
| 0:14 | Queue | Villager (Male) |
| 1:18 | Queue | Villager (Male) |
| 1:18 | Queue | Villager (Male) |
| 1:40 | Queue | Villager (Male) |
| 1:41 | Queue | Villager (Male) |
| 1:52 | Build | Lumber Camp |
| 2:13 | Queue | Villager (Male) |
| 2:48 | Queue | Villager (Male) |
| 3:13 | Queue | Villager (Male) |
| 3:26 | Build | House |
| 3:30 | Queue | Villager (Male) |
| 3:44 | Build | Palisade Wall |
| 3:45 | Build | Palisade Wall |
| 4:02 | Queue | Villager (Male) |
| 4:02 | Queue | Villager (Male) |
| 4:25 | Queue | Villager (Male) |
| 4:25 | Queue | Villager (Male) |
| 4:25 | Queue | Villager (Male) |
| 4:54 | Queue | Villager (Male) |
| 5:15 | Build | Mill |
| 5:48 | Queue | Villager (Male) |
| 5:48 | Queue | Villager (Male) |
| 5:48 | Queue | Villager (Male) |
| 5:56 | Queue | Villager (Male) |
| 5:59 | Queue | Villager (Male) |
| 6:18 | Queue | Villager (Male) |
| 6:20 | Build | Palisade Wall |
| 6:21 | Build | Palisade Wall |
| 6:26 | Queue | Villager (Male) |
| 6:36 | Research | Loom |
| 7:08 | Research | Feudal Age |
| 7:08 | Research | Feudal Age |
| 8:04 | Queue | Villager (Male) |
| 8:20 | Build | Barracks |
| 8:38 | Build | House |
| 9:18 | Age | Feudal Age |
| 9:20 | Research | Double-Bit Axe |
| 9:26 | Build | Mill |
| 9:31 | Build | Stable |
| 9:41 | Queue | Villager (Male) |
| 9:48 | Queue | Spearman |
| 9:50 | Build | House |
| 10:07 | Queue | Villager (Male) |
| 10:19 | Queue | Villager (Male) |
| 10:21 | Build | Farm |
| 10:22 | Build | Farm |
| 10:24 | Queue | Scout Cavalry |
| 10:38 | Build | House |
| 10:42 | Queue | Spearman |
| 10:43 | Queue | Scout Cavalry |
| 10:57 | Queue | Villager (Male) |
| 11:09 | Queue | Villager (Male) |
| 11:12 | Build | Palisade Wall |
| 11:19 | Queue | Villager (Male) |
| 11:20 | Queue | Villager (Male) |
| 11:23 | Build | Farm |
| 11:25 | Build | Farm |
| 11:29 | Build | Farm |
| 12:08 | Queue | Scout Cavalry |
| 12:11 | Build | House |
| 12:15 | Build | Farm |
| 12:16 | Build | Farm |
| 12:29 | Queue | Scout Cavalry |
| 12:31 | Queue | Scout Cavalry |
| 12:31 | Queue | Villager (Male) |
| 12:36 | Build | House |
| 12:37 | Build | Palisade Wall |
| 12:38 | Build | Palisade Wall |
| 12:41 | Queue | Villager (Male) |
| 12:42 | Queue | Villager (Male) |
| 12:55 | Queue | Villager (Male) |
| 12:56 | Build | Farm |
| 12:57 | Build | Farm |
| 13:00 | Build | Farm |
| 13:05 | Queue | Villager (Male) |
| 13:07 | Build | House |
| 13:13 | Build | House |
| 13:21 | Build | House |
| 13:21 | Queue | Villager (Male) |
| 13:24 | Build | Palisade Wall |
| 13:30 | Queue | Villager (Male) |
| 13:46 | Queue | Villager (Male) |
| 13:46 | Queue | Villager (Male) |
| 13:47 | Build | Farm |
| 13:49 | Build | Farm |
| 13:52 | Queue | Villager (Male) |
| 13:52 | Queue | Villager (Male) |
| 14:01 | Queue | Villager (Male) |
| 14:16 | Queue | Villager (Male) |
| 14:23 | Queue | Villager (Male) |
| 14:32 | Build | Palisade Wall |
| 14:34 | Queue | Villager (Male) |
| 14:50 | Build | Farm |
| 14:57 | Queue | Villager (Male) |
| 15:01 | Queue | Villager (Male) |
| 15:02 | Queue | Villager (Male) |
| 15:04 | Queue | Spearman |
| 15:11 | Build | Palisade Wall |
| 15:15 | Queue | Spearman |
| 15:17 | Queue | Villager (Male) |
| 15:19 | Build | Mining Camp |
| 15:20 | Queue | Villager (Male) |
| 15:23 | Queue | Villager (Male) |
| 15:27 | Queue | Spearman |
| 15:30 | Queue | Villager (Male) |
| 15:34 | Build | House |
| 15:35 | Queue | Villager (Male) |
| 15:41 | Queue | Villager (Male) |
| 15:48 | Queue | Scout Cavalry |
| 15:54 | Queue | Villager (Male) |
| 15:56 | Build | House |
| 15:57 | Queue | Villager (Male) |
| 16:06 | Queue | Villager (Male) |
| 16:12 | Queue | Villager (Male) |
| 16:14 | Build | House |
| 16:16 | Build | Palisade Wall |
| 16:20 | Queue | Villager (Male) |
| 16:31 | Queue | Villager (Male) |
| 16:34 | Queue | Villager (Male) |
| 16:45 | Build | House |
| 16:49 | Queue | Villager (Male) |
| 16:55 | Queue | Villager (Male) |
| 16:59 | Build | Blacksmith |
| 17:10 | Build | Palisade Wall |
| 17:32 | Build | Farm |
| 17:41 | Research | Castle Age |
| 17:41 | Research | Castle Age |
| 17:41 | Research | Castle Age |
| 17:43 | Queue | Villager (Male) |
| 17:50 | Queue | Villager (Male) |
| 17:56 | Research | Horse Collar |
| 17:57 | Research | Horse Collar |
| 18:46 | Research | Fletching |
| 18:46 | Queue | Villager (Male) |
| 18:49 | Build | Archery Range |
| 19:17 | Build | Lumber Camp |
| 20:01 | Build | Archery Range |
| 20:21 | Age | Castle Age |
| 20:26 | Queue | Cavalry Archer |
| 20:26 | Research | Bodkin Arrow |
| 20:35 | Research | Bloodlines |
| 20:43 | Queue | Villager (Male) |
| 20:58 | Queue | Cavalry Archer |
| 20:58 | Queue | Cavalry Archer |
Build order — TheZero
First 150 of 579 actions detected
| 0:00 | Queue | Villager (Male) |
| 0:02 | Build | House |
| 0:03 | Build | House |
| 0:22 | Queue | Villager (Male) |
| 0:23 | Queue | Villager (Male) |
| 0:23 | Queue | Villager (Male) |
| 1:29 | Queue | Villager (Male) |
| 1:29 | Queue | Villager (Male) |
| 1:56 | Build | Lumber Camp |
| 2:02 | Queue | Villager (Male) |
| 2:02 | Queue | Villager (Male) |
| 2:17 | Queue | Villager (Male) |
| 2:47 | Queue | Villager (Male) |
| 2:47 | Queue | Villager (Male) |
| 3:12 | Queue | Villager (Male) |
| 3:13 | Queue | Villager (Male) |
| 3:38 | Build | House |
| 3:50 | Queue | Villager (Male) |
| 3:50 | Queue | Villager (Male) |
| 3:50 | Queue | Villager (Male) |
| 4:09 | Build | Mill |
| 4:31 | Queue | Villager (Male) |
| 4:33 | Queue | Villager (Male) |
| 5:07 | Queue | Villager (Male) |
| 5:07 | Queue | Villager (Male) |
| 5:14 | Queue | Villager (Male) |
| 5:59 | Research | Loom |
| 5:59 | Research | Loom |
| 6:09 | Queue | Villager (Male) |
| 6:47 | Research | Feudal Age |
| 6:48 | Research | Feudal Age |
| 7:31 | Build | Barracks |
| 7:41 | Queue | Villager (Male) |
| 8:10 | Build | House |
| 8:39 | Build | Palisade Wall |
| 8:43 | Queue | Villager (Male) |
| 8:46 | Build | House |
| 8:47 | Build | House |
| 8:57 | Age | Feudal Age |
| 8:59 | Build | Stable |
| 9:00 | Queue | Spearman |
| 9:03 | Research | Double-Bit Axe |
| 9:04 | Research | Double-Bit Axe |
| 9:20 | Queue | Villager (Male) |
| 9:37 | Queue | Villager (Male) |
| 9:48 | Queue | Scout Cavalry |
| 9:51 | Build | Mill |
| 10:05 | Queue | Villager (Male) |
| 10:06 | Queue | Scout Cavalry |
| 10:16 | Build | House |
| 10:26 | Queue | Villager (Male) |
| 10:38 | Build | Farm |
| 10:38 | Build | Farm |
| 10:39 | Build | Farm |
| 10:48 | Build | Farm |
| 10:53 | Queue | Villager (Male) |
| 11:00 | Queue | Scout Cavalry |
| 11:00 | Queue | Villager (Male) |
| 11:29 | Queue | Villager (Male) |
| 11:41 | Queue | Villager (Male) |
| 12:00 | Queue | Spearman |
| 12:13 | Queue | Villager (Male) |
| 12:15 | Build | Farm |
| 12:16 | Build | Farm |
| 12:17 | Build | Farm |
| 12:19 | Build | Farm |
| 12:23 | Build | House |
| 12:27 | Queue | Villager (Male) |
| 12:43 | Build | Farm |
| 12:45 | Build | Farm |
| 12:47 | Queue | Villager (Male) |
| 12:59 | Queue | Scout Cavalry |
| 13:00 | Queue | Scout Cavalry |
| 13:10 | Queue | Villager (Male) |
| 13:18 | Build | Farm |
| 13:19 | Queue | Villager (Male) |
| 13:36 | Queue | Villager (Male) |
| 13:42 | Queue | Scout Cavalry |
| 13:46 | Queue | Villager (Male) |
| 13:47 | Build | Farm |
| 13:50 | Queue | Scout Cavalry |
| 13:58 | Queue | Villager (Male) |
| 13:59 | Build | Farm |
| 14:05 | Queue | Villager (Male) |
| 14:14 | Queue | Villager (Male) |
| 14:24 | Build | Farm |
| 14:26 | Queue | Spearman |
| 14:32 | Queue | Villager (Male) |
| 14:40 | Queue | Villager (Male) |
| 15:01 | Queue | Villager (Male) |
| 15:02 | Build | Farm |
| 15:05 | Build | House |
| 15:22 | Queue | Villager (Male) |
| 15:24 | Build | House |
| 15:27 | Build | Palisade Wall |
| 16:04 | Build | Mining Camp |
| 16:17 | Queue | Villager (Male) |
| 16:40 | Research | Horse Collar |
| 17:04 | Queue | Villager (Male) |
| 17:29 | Build | Blacksmith |
| 17:44 | Build | House |
| 17:58 | Research | Bloodlines |
| 17:58 | Research | Bloodlines |
| 18:05 | Research | Gold Mining |
| 18:05 | Research | Gold Mining |
| 18:15 | Build | Farm |
| 18:16 | Research | Castle Age |
| 18:16 | Research | Castle Age |
| 18:19 | Build | House |
| 18:35 | Research | Bloodlines |
| 18:35 | Research | Bloodlines |
| 18:59 | Queue | Villager (Male) |
| 19:01 | Build | Archery Range |
| 19:14 | Build | House |
| 19:16 | Build | Palisade Wall |
| 19:29 | Queue | Villager (Male) |
| 19:33 | Queue | Villager (Male) |
| 19:45 | Queue | Villager (Male) |
| 19:46 | Build | House |
| 19:49 | Build | House |
| 19:53 | Research | Fletching |
| 19:56 | Queue | Villager (Male) |
| 20:34 | Build | Archery Range |
| 20:49 | Queue | Villager (Male) |
| 21:05 | Queue | Villager (Male) |
| 21:08 | Age | Castle Age |
| 21:10 | Queue | Cavalry Archer |
| 21:12 | Queue | Camel Scout |
| 21:15 | Research | Bow Saw |
| 21:15 | Research | Bow Saw |
| 21:29 | Queue | Cavalry Archer |
| 21:34 | Research | Bodkin Arrow |
| 21:34 | Research | Bodkin Arrow |
| 21:39 | Queue | Cavalry Archer |
| 21:39 | Queue | Cavalry Archer |
| 21:49 | Queue | Camel Scout |
| 21:49 | Queue | Camel Scout |
| 21:53 | Queue | Cavalry Archer |
| 22:05 | Queue | Cavalry Archer |
| 22:05 | Queue | Cavalry Archer |
| 22:15 | Build | Lumber Camp |
| 22:17 | Queue | Villager (Male) |
| 22:24 | Queue | Cavalry Archer |
| 22:24 | Queue | Cavalry Archer |
| 22:37 | Queue | Camel Scout |
| 22:41 | Queue | Villager (Male) |
| 22:53 | Queue | Villager (Male) |
| 23:03 | Build | Monastery |
| 23:15 | Queue | Cavalry Archer |
| 23:15 | Queue | Cavalry Archer |
Match timeline
| 3:44 | Saturno 1343 · wall_segment Palisade Wall x1 |
| 3:45 | Saturno 1343 · wall_segment Palisade Wall x1 |
| 6:20 | Saturno 1343 · wall_segment Palisade Wall x1 |
| 6:21 | Saturno 1343 · wall_segment Palisade Wall x1 |
| 7:31 | TheZero · first_building Barracks |
| 8:20 | Saturno 1343 · first_building Barracks |
| 8:39 | TheZero · wall_segment Palisade Wall x4 |
| 8:57 | TheZero · age_up feudal |
| 8:59 | TheZero · first_building Stable |
| 9:18 | Saturno 1343 · age_up feudal |
| 9:31 | Saturno 1343 · first_building Stable |
| 11:12 | Saturno 1343 · wall_segment Palisade Wall x7 |
| 12:37 | Saturno 1343 · wall_segment Palisade Wall x1 |
| 12:38 | Saturno 1343 · wall_segment Palisade Wall x1 |
| 13:24 | Saturno 1343 · wall_segment Palisade Wall x1 |
| 14:32 | Saturno 1343 · wall_segment Palisade Wall x1 |
| 15:11 | Saturno 1343 · wall_segment Palisade Wall x1 |
| 15:27 | TheZero · wall_segment Palisade Wall x13 |
| 16:16 | Saturno 1343 · wall_segment Palisade Wall x4 |
| 17:10 | Saturno 1343 · wall_segment Palisade Wall x10 |
| 18:49 | Saturno 1343 · first_building Archery Range |
| 19:01 | TheZero · first_building Archery Range |
| 19:16 | TheZero · wall_segment Palisade Wall x2 |
| 20:21 | Saturno 1343 · age_up castle |
| 21:08 | TheZero · age_up castle |
| 21:22 | Saturno 1343 · wall_segment Palisade Wall x1 |
| 22:23 | Saturno 1343 · wall_segment Palisade Wall x1 |
| 22:31 | Saturno 1343 · wall_segment Palisade Wall x3 |
| 23:03 | TheZero · first_building Monastery |
| 26:15 | Saturno 1343 · first_building Monastery |
| 28:23 | Saturno 1343 · first_market_sell 100 wood |
| 34:26 | TheZero · first_market_buy 100 stone |
| 34:50 | Saturno 1343 · first_building Castle |
| 34:57 | Saturno 1343 · first_market_buy 100 wood |
| 35:16 | Saturno 1343 · wall_segment Palisade Wall x1 |
| 39:00 | Saturno 1343 · age_up imperial |
| 39:30 | Saturno 1343 · wall_segment Stone Wall x14 |
| 39:34 | TheZero · age_up imperial |
| 39:43 | TheZero · first_building Castle |
| 40:58 | TheZero · first_building Siege Workshop |
| 43:50 | TheZero · first_market_sell 100 food |
| 45:00 | Saturno 1343 · resign |
[ AI ANALYSIS · 1 CREDIT ]
What really happened in this match?
Wolo.gg analyzes every decision: build order, eco, micro, common mistakes by bracket. Personalized analysis on WhatsApp or Discord in 30 seconds.
Civ guide
Khmer
Perfil
Jugador #24977465